Map: Jagannatha LE

Players

Forest - Winner!

  • Race: Zerg Zerg
  • League: Master
  • Spawn Location: 7:00

Pumba

  • Race: Zerg Zerg
  • League: Master
  • Spawn Location: 1:00

VOD

Have the link to the VOD?

Description

Time

  • Played on: Sept. 14, 2021, 8:33 p.m.
  • Length: 28:21
Show
View Real Time Build Order
Export as new Build Order

Forest Zerg - Winner!

Build Orders: Hatch First, Lurkers 

Get SALT Encoding   

  12  0:00  Drone  
  13  0:12  Overlord  
  13  0:16  Drone  
  14  0:31  Drone x2  
  16  0:47  Hatchery  
  15  0:51  Drone  
  15  0:55  Drone  
  17  0:57  Drone  
  18  1:08  Extractor  
  17  1:13  Spawning Pool  
  17  1:16  Drone  
  17  1:19  Drone  
  18  1:27  Drone  
  19  1:38  Overlord  
  19  1:49  Drone  
  20  2:00  Queen x2  
  24  2:02  Zergling x2, Drone  
  26  2:10  Drone  
  26  2:12  Drone  
  28  2:21  Drone x2  
  30  2:31  Drone  
  30  2:33  Drone  
  32  2:40  Lair  
  32  2:45  Evolution Chamber  
  32  2:46  Overlord  
  32  2:48  Drone  
  32  2:53  Queen, Drone  
  32  2:54  Drone  
  34  3:07  Drone x2  
  35  3:13  Zerg Melee Weapons Level 1  
  35  3:14  Drone x5  
  35  3:18  Drone x2  
  42  3:22  Metabolic Boost  
  42  3:28  Roach Warren  
  41  3:37  Evolution Chamber  
  40  3:42  Overlord  
  40  3:46  Zergling x8  
  40  3:48  Overlord  
  44  3:52  Extractor  
  44  3:54  Zergling x4, Extractor  
  44  3:56  Overlord  
  44  4:03  Zergling x6  
  44  4:09  Zergling x2  
  48  4:11  Zergling x6  
  51  4:21  Zergling x6  
  54  4:31  Zergling x4  
  56  4:39  Spire  
  56  4:40  Extractor  
  56  4:41  Drone x2  
  56  4:43  Drone x3  
  59  4:52  Drone x5  
  64  5:02  Drone  
  64  5:03  Drone  
  64  5:12  Drone  
  65  5:15  Drone  
  66  5:21  Hatchery  
  66  5:25  Overlord  
  66  5:26  Overlord  
  66  5:28  Drone x2  
  67  5:41  Overlord  
  67  5:51  Spine Crawler  
  67  5:53  Mutalisk  
  67  5:54  Mutalisk x6  
  80  5:58  Mutalisk  
  80  6:01  Mutalisk  
  83  6:08  Mutalisk  
  83  6:10  Overlord  
  83  6:11  Overlord  
  85  6:21  Mutalisk  
  85  6:24  Overlord  
  87  6:33  Zerg Flyer Weapons Level 1, Queen, Drone x4  
  87  6:37  Mutalisk  
  95  6:45  Mutalisk  
  94  7:15  Drone x8  
  98  7:18  Mutalisk x2  
  101  7:23  Baneling Nest, Infestation Pit  
  101  7:27  Extractor  
  101  7:28  Extractor  
  97  7:30  Drone x5  
  102  7:40  Drone x8  
  102  7:41  Drone  
  106  7:44  Drone  
  104  7:54  Zerg Melee Weapons Level 2  
  104  7:55  Zerg Ground Armor Level 1  
  104  7:57  Drone x3  
  104  7:58  Drone x2  
  109  8:14  Mutalisk x2  
  112  8:25  Spine Crawler  
  112  8:26  Spine Crawler  
  110  8:28  Pneumatized Carapace, Spine Crawler  
  110  8:30  Overseer  
  110  8:32  Hatchery  
  108  8:40  Centrifugal Hooks  
  108  8:45  Zergling x28  
  108  8:47  Overlord x4  
  122  8:48  Hive  
  122  9:01  Overseer  
  122  9:40  Overlord x5  
  122  9:41  Overlord  
  122  9:42  Zergling x30  
  137  9:50  Extractor  
  136  9:53  Extractor  
  135  10:02  Adrenal Glands  
  135  10:03  Ultralisk Cavern  
  134  10:17  Zerg Ground Armor Level 2  
  134  10:18  Zerg Melee Weapons Level 3  
  134  10:20  Drone x3  
  134  10:21  Drone x3  
  140  10:22  Drone x3  
  140  10:23  Drone x6  
  140  10:24  Drone  
  140  10:27  Baneling x24  
  150  10:56  Chitinous Plating  
  149  10:57  Ultralisk  
  149  10:58  Ultralisk x2  
  166  11:06  Ultralisk  
  166  11:10  Zergling x34  
  166  11:11  Zergling x2  
  168  11:18  Zergling x6  
  168  11:19  Zergling x6  
  159  11:29  Ultralisk  
  150  11:36  Ultralisk  
  150  11:37  Zergling x4  
  147  11:42  Drone x4  
  149  11:51  Ultralisk  
  143  12:07  Ultralisk x2  
  155  12:17  Queen  
  155  12:18  Drone x5  
  155  12:22  Overlord  
  160  12:25  Anabolic Synthesis  
  155  12:37  Hydralisk Den, Extractor  
  155  12:42  Overseer  
  153  12:45  Hatchery  
  153  12:46  Zerg Missile Weapons Level 1  
  153  12:51  Drone x3  
  155  12:57  Zerg Ground Armor Level 3  
  155  13:16  Grooved Spines  
  155  13:17  Lurker Den  
  155  13:19  Drone x5  
  159  13:20  Overlord  
  159  13:21  Overseer  
  159  13:32  Overseer  
  159  13:35  Hydralisk x5  
  159  13:36  Hydralisk x5  
  181  13:48  Drone x2  
  181  13:49  Extractor  
  181  13:50  Drone x7  
  181  13:53  Extractor  
  187  13:55  Drone x2  
  187  13:56  Drone  
  187  13:58  Spore Crawler, Overseer  
  187  14:00  Spine Crawler  
  187  14:01  Drone x2  
  187  14:02  Spine Crawler  
  188  14:04  Drone  
  188  14:05  Drone x2  
  190  14:20  Baneling x5  
  186  14:25  Adaptive Talons  
  186  14:28  Muscular Augments  
  181  14:40  Drone x2  
  181  14:41  Drone  
  181  14:42  Drone x8  
  185  14:52  Drone x4  
  172  14:53  Drone  
  172  14:56  Lurker x5  
  172  14:57  Lurker x5  
  183  15:00  Spine Crawler  
  183  15:06  Viper x2  
  188  15:11  Spine Crawler  
  188  15:12  Drone x2  
  188  15:13  Spine Crawler  
  188  15:14  Spore Crawler, Drone x2  
  188  15:19  Baneling x12, Overseer  
  189  15:22  Seismic Spines  
  189  15:42  Drone x2  
  191  15:43  Drone x2, Viper x3, Evolution Chamber x2  
  191  15:45  Evolution Chamber  
  191  15:47  Evolution Chamber  
  191  15:49  Hatchery  
  194  15:50  Extractor  
  194  15:51  Extractor  
  194  15:52  Viper  
  194  15:56  Spore Crawler  
  188  15:57  Spine Crawler  
  188  15:58  Drone x4, Spine Crawler x3  
  188  16:03  Spine Crawler  
  188  16:04  Viper, Spine Crawler x2  
  188  16:26  Hydralisk  
  188  16:27  Hydralisk x5  
  200  16:38  Hydralisk  
  175  16:52  Viper x3  
  160  16:56  Lurker x4  
  160  16:58  Drone x3  
  160  17:00  Drone x3  
  171  17:01  Drone x3  
  171  17:02  Zerg Missile Weapons Level 2  
  172  17:12  Lurker  
  172  17:13  Lurker  
  174  17:19  Hydralisk x6  
  177  17:31  Spine Crawler  
  177  17:32  Spine Crawler  
  177  17:33  Spine Crawler  
  177  17:35  Spine Crawler  
  159  17:38  Hydralisk x10  
  176  17:48  Hydralisk x6  
  182  18:01  Hydralisk x5  
  176  18:15  Viper x2  
  176  18:18  Overseer  
  179  18:25  Overseer x3  
  179  18:26  Overseer  
  179  18:29  Viper  
  148  19:05  Hydralisk x15  
  151  19:49  Viper x3  
  160  19:55  Drone, Extractor  
  160  19:56  Drone x4  
  160  19:57  Drone x9  
  160  19:58  Drone x3, Spine Crawler  
  159  20:29  Drone x3  
  159  20:31  Spine Crawler  
  129  20:58  Hydralisk x12  
  149  21:09  Zerg Missile Weapons Level 3  
  146  21:34  Lurker  
  146  21:35  Lurker x5  
  146  21:36  Extractor  
  146  21:38  Hatchery  
  148  21:41  Extractor  
  148  21:46  Spine Crawler  
  115  22:29  Drone x5  
  119  22:35  Lurker x5  
  124  22:38  Hatchery, Extractor  
  124  22:40  Extractor  
  121  22:46  Overseer, Overlord  
  121  22:49  Overseer  
  121  22:53  Lurker x2, Hydralisk x4  
  131  22:59  Overseer  
  131  23:23  Hatchery  
  131  23:25  Drone x4  
  131  23:26  Drone x2  
  131  23:27  Drone x3  
  139  23:37  Overseer  
  136  24:11  Hydralisk x7  
  150  24:38  Hydralisk x16  
  151  25:18  Spore Crawler  
  141  25:50  Drone x3  
  141  25:51  Drone x7  
  151  25:59  Hatchery  
  137  26:08  Viper x4  
  149  26:19  Drone  
  149  26:20  Spine Crawler  
  149  26:21  Spore Crawler  
  149  26:22  Drone x5  
  149  26:24  Lurker x2  
  149  26:25  Lurker x3  
  158  26:26  Lurker  
  159  26:33  Extractor  
  159  26:36  Extractor  
  156  26:46  Drone, Spine Crawler  
  156  26:47  Drone  
  156  26:48  Drone x3  
  159  27:03  Lurker x3  
  162  27:33  Overseer  
  162  27:35  Overseer  
Show
View Real Time Build Order
Export as new Build Order

Pumba Zerg 

Build Orders: Hatch First, Lurkers 

Get SALT Encoding   

  12  0:01  Drone  
  13  0:12  Overlord  
  13  0:18  Drone  
  14  0:31  Drone  
  14  0:32  Drone  
  16  0:49  Hatchery  
  15  0:52  Drone  
  15  0:56  Drone  
  17  0:58  Drone  
  18  1:06  Extractor  
  17  1:15  Spawning Pool  
  17  1:17  Drone  
  17  1:21  Drone  
  18  1:29  Drone  
  19  1:45  Drone  
  20  1:49  Overlord  
  20  2:02  Queen x2  
  20  2:03  Zergling x4  
  26  2:09  Metabolic Boost  
  26  2:13  Drone  
  26  2:14  Drone  
  28  2:33  Hatchery  
  28  2:37  Drone  
  28  2:38  Drone  
  28  2:42  Drone  
  30  2:48  Drone  
  31  2:58  Overlord  
  31  3:02  Drone  
  31  3:07  Drone  
  31  3:17  Overlord  
  31  3:18  Drone x6  
  31  3:19  Zergling x2  
  38  3:21  Zergling x2  
  39  3:35  Roach Warren  
  38  3:43  Drone x3  
  38  3:45  Queen  
  38  3:46  Extractor  
  43  3:48  Drone  
  43  3:51  Drone  
  43  3:52  Drone x3  
  47  3:58  Lair  
  47  4:02  Overlord  
  46  4:05  Drone  
  46  4:08  Drone  
  46  4:09  Extractor  
  47  4:13  Drone  
  49  4:17  Drone x2  
  49  4:18  Drone, Evolution Chamber  
  50  4:31  Overlord x2  
  50  4:34  Roach x4  
  58  4:41  Roach x4  
  66  4:49  Roach  
  66  4:51  Evolution Chamber  
  66  4:59  Evolution Chamber  
  66  5:06  Roach x7  
  81  5:15  Evolution Chamber  
  80  5:21  Overlord  
  80  5:26  Extractor  
  79  5:30  Infestation Pit  
  78  5:36  Overlord x3  
  78  5:39  Overlord x3  
  78  5:44  Zerg Ground Armor Level 1  
  78  5:46  Zerg Missile Weapons Level 1  
  78  5:55  Drone x2  
  81  6:04  Drone x3  
  81  6:08  Hatchery  
  81  6:11  Overseer  
  82  6:15  Drone  
  82  6:16  Overlord  
  83  6:26  Pathogen Glands, Queen  
  83  6:32  Roach x4  
  93  6:36  Overlord  
  93  6:43  Spore Crawler  
  93  6:45  Spore Crawler  
  93  6:46  Spore Crawler  
  90  6:47  Queen  
  92  6:56  Spore Crawler  
  92  6:57  Spore Crawler  
  86  7:05  Glial Reconstitution  
  78  7:10  Roach x5  
  80  7:19  Infestor x3  
  84  7:28  Infestor  
  86  7:31  Drone  
  85  7:52  Infestor  
  85  7:54  Infestor  
  84  8:09  Overlord  
  84  8:10  Overlord  
  84  8:11  Drone x2  
  86  8:15  Spore Crawler  
  86  8:16  Drone x2  
  86  8:17  Drone x4  
  90  8:25  Spore Crawler  
  89  8:29  Roach  
  89  8:30  Roach x2  
  95  8:35  Hatchery  
  94  8:42  Overlord  
  94  8:46  Zerg Missile Weapons Level 2, Zerg Ground Armor Level 2  
  94  8:52  Drone x5  
  99  9:06  Queen x2  
  103  9:11  Overlord x2  
  103  9:18  Hydralisk Den  
  102  9:30  Drone x2  
  104  9:33  Extractor  
  104  9:34  Spore Crawler  
  104  9:35  Drone x6  
  104  9:36  Spore Crawler, Drone  
  108  9:42  Overseer  
  107  10:00  Extractor  
  107  10:02  Drone  
  107  10:03  Drone x2  
  107  10:06  Grooved Spines, Drone x3  
  112  10:08  Extractor  
  112  10:10  Drone x3  
  114  10:15  Extractor  
  114  10:19  Drone x3  
  116  10:23  Hive  
  116  10:24  Lurker Den  
  115  10:32  Roach x3  
  121  10:36  Spine Crawler x2  
  121  10:37  Spine Crawler  
  121  10:39  Spine Crawler  
  119  10:43  Roach x5  
  127  10:53  Roach x3  
  127  10:56  Roach  
  133  10:59  Roach  
  133  11:00  Roach x3  
  136  11:10  Roach x2  
  136  11:11  Roach x4  
  143  11:17  Muscular Augments  
  129  11:36  Hydralisk  
  129  11:37  Hydralisk x9, Burrow  
  133  11:46  Spine Crawler  
  120  12:04  Lurker x4, Hydralisk  
  120  12:05  Hydralisk x3, Roach  
  120  12:06  Roach  
  136  12:16  Lurker  
  136  12:17  Lurker  
  138  12:24  Evolution Chamber  
  138  12:25  Evolution Chamber  
  138  12:27  Drone x2  
  138  12:28  Evolution Chamber  
  138  12:29  Evolution Chamber  
  136  12:31  Drone x3, Evolution Chamber  
  136  12:32  Evolution Chamber  
  137  12:43  Drone  
  138  12:45  Overlord x2  
  138  12:46  Overlord  
  138  12:54  Overlord x2  
  138  13:08  Lurker x2  
  138  13:09  Drone x4  
  138  13:10  Drone x2  
  146  13:14  Spore Crawler  
  145  13:20  Spore Crawler x2  
  145  13:21  Drone x2  
  145  13:26  Spore Crawler  
  144  13:30  Lurker x3  
  144  13:34  Viper x2  
  153  13:53  Overlord x3  
  153  13:56  Zerg Missile Weapons Level 3  
  153  14:06  Roach x3  
  153  14:07  Spore Crawler  
  152  14:10  Spore Crawler, Roach x3  
  152  14:13  Hydralisk x5  
  161  14:29  Hydralisk x4  
  161  14:30  Hydralisk  
  163  14:42  Hydralisk Den  
  163  14:43  Seismic Spines  
  146  15:02  Hydralisk x5  
  156  15:08  Viper x2  
  162  15:23  Hydralisk x3  
  168  15:30  Drone  
  168  15:31  Drone x2  
  170  15:40  Adaptive Talons  
  168  15:54  Hydralisk x3  
  168  15:56  Lurker  
  175  15:58  Hydralisk x2  
  179  16:28  Overseer  
  179  16:29  Overseer x2  
  179  16:30  Overseer x2, Pneumatized Carapace  
  161  17:11  Hatchery  
  160  17:15  Hydralisk  
  160  17:16  Hydralisk x5  
  146  17:39  Hydralisk x4  
  146  17:47  Lurker  
  146  17:48  Lurker x3  
  139  18:15  Lurker x2  
  139  18:16  Lurker x3  
  142  18:21  Overseer  
  142  18:25  Overseer  
  142  18:26  Roach  
  144  18:27  Drone x2  
  123  19:00  Viper x2  
  129  19:04  Drone x5  
  129  19:08  Drone  
  129  19:09  Drone  
  134  19:15  Extractor  
  130  19:25  Extractor  
  123  19:38  Viper  
  118  20:02  Drone x3  
  118  20:03  Drone  
  118  20:04  Drone x2  
  124  20:09  Lurker x2, Hydralisk  
  124  20:10  Lurker, Hydralisk x2  
  130  20:23  Hatchery  
  130  20:24  Lurker x4  
  130  20:25  Hydralisk x2, Extractor x2  
  119  20:49  Hydralisk x6  
  117  20:53  Overseer  
  112  21:06  Overseer  
  112  21:34  Hatchery  
  112  21:36  Drone x3  
  112  21:39  Hydralisk x2, Drone x6  
  120  21:40  Hydralisk x2  
  120  21:41  Extractor  
  120  21:42  Lurker  
  124  22:07  Hydralisk x5  
  88  22:20  Hydralisk x2  
  89  22:32  Drone x2  
  89  22:33  Drone x11  
  89  22:34  Hydralisk x2  
  106  22:40  Hydralisk x2  
  110  22:50  Lurker  
  111  22:55  Extractor  
  111  22:56  Extractor  
  111  22:58  Overseer, Drone  
  106  22:59  Drone x3  
  106  23:00  Drone x2  
  106  23:05  Hydralisk x2  
  112  23:06  Roach  
  118  23:21  Drone x3  
  118  23:24  Hydralisk x4  
  126  23:39  Hatchery  
  125  23:45  Hydralisk x6  
  129  23:56  Lurker  
  122  24:12  Hydralisk x3  
  130  24:24  Lurker  
  131  24:27  Extractor  
  131  24:30  Extractor  
  129  24:36  Hydralisk x3  
  124  24:47  Lurker  
  125  25:01  Drone x3  
  128  25:07  Hydralisk  
  128  25:12  Hatchery  
  126  25:17  Extractor  
  107  25:49  Hydralisk x3  
  107  26:07  Overseer  
  107  26:10  Hydralisk  
  109  26:18  Hatchery  
  108  26:20  Extractor  
  107  26:26  Drone x3  
  107  26:27  Drone x3  
  111  27:01  Lurker x2  
  111  27:15  Hydralisk x2  
  115  27:40  Hydralisk x3  
  121  27:47  Hatchery, Extractor  
  121  27:49  Extractor  
Tags
 
Add a new tag
Caveats
  • Supply blocks, unpowered buildings, or Contaminate may cause inaccurate times.
  • Supply counts are checked every 10 seconds.